 Dungeon Crawl Stone Soup version 0.23.1-37-gaa34b87 (webtiles) character file.

Game seed: 6449056342771989020

22075 misha the Severer (level 12, -30/174 HPs)
             Began as a Minotaur Gladiator on Mar 21, 2019.
             Was a Follower of Trog.
             Killed from afar by a hell knight (69 damage)
             ... with a bolt of fire
             ... on level 13 of the Dungeon.
             The game lasted 00:38:58 (15632 turns).

misha the Severer (Minotaur Gladiator)             Turns: 15632, Time: 00:38:58

Health: -30/174    AC: 26    Str: 24    XL:     12   Next: 59%
Magic:  11/11      EV:  2    Int:  5    God:    Trog [*.....]
Gold:   1069       SH:  0    Dex: 12    Spells: 11/11 levels left

rFire    x . .     SeeInvis .   u - +2 executioner's axe (flame)
rCold    + . .     Gourm    .   (shield currently unavailable)
rNeg     + + +     Faith    .   (armour currently unavailable)
rPois    +         Spirit   .   (helmet currently unavailable)
rElec    .         Reflect  .   (cloak currently unavailable)
rCorr    .         Harm     .   (gloves currently unavailable)
MR       .....     NoTele   +   (boots currently unavailable)
Stlth    +.........             (no amulet)
HPRegen  0.39/turn              x - ring of ice
MPRegen  0.12/turn              Q - ring of flight

@: tree-form, berserk cooldown, hasted and slowed
A: (retaliatory headbutt)
a: Berserk, Renounce Religion


You were on level 13 of the Dungeon.
You worshipped Trog.
Trog was aware of your devotion.
You were near starving.
You were a tree.
You visited 2 branches of the dungeon, and saw 14 of its levels.
You also visited: Trove.

You collected 1069 gold pieces.

Inventory:

Hand Weapons
 a - a +6 vampiric executioner's axe
 b - a +3 battleaxe
 u - a +2 executioner's axe of flaming (weapon)
 G - a +3 war axe
 L - the +3 war axe of Ekhedd {chop, +Rage Int+4}
   (You found it on level 9 of the Dungeon)

   It inflicts extra damage upon your enemies.
   It affects your intelligence (+4).
   It lets you go berserk.
 S - a +1 war axe of electrocution
Missiles
 d - 4 throwing nets (quivered)
 h - 7 steel javelins
 i - 98 poisoned needles
 l - 3 javelins of penetration
 F - 4 steel tomahawks
 R - 2 needles of sleeping
 T - 7 javelins of returning
 U - 4 tomahawks
Armour
 k - a +2 shield
 o - a +0 pair of gloves (melded)
 A - a +0 cloak (melded)
 C - the +1 chain mail of the Ancient Ghosts (melded) {rElec Str+7}
   (You found it in a treasure trove)

   It affects your strength (+7).
   It insulates you from electricity.
 J - a +1 hat of intelligence (melded)
Jewellery
 g - an uncursed ring of positive energy
 x - a ring of ice (left branch)
 O - an uncursed ring of protection from cold
 Q - a ring of flight (right branch)
 X - the ring of Sagread {+Blink +Fly Str-2 Int+5, unknown}
   (You found it in a treasure trove)

   [ring of intelligence]

   It affects your strength (-2).
   It affects your intelligence (+5).
   It lets you fly.
   It lets you blink.
 Y - an uncursed amulet of the acrobat {unknown}
 Z - the ring "Appun" {rPois rF+ MP+9, unknown}
   (You found it in a treasure trove)

   [ring of magical power]

   It protects you from fire.
   It protects you from poison.
   It affects your magic capacity (+9).
Wands
 p - a wand of polymorph (9)
 v - a wand of disintegration (13)
 M - a wand of paralysis (18)
 N - a wand of iceblast (18)
 V - a wand of scattershot (13)
Scrolls
 c - a scroll of vulnerability
 j - 4 scrolls of amnesia
 m - 4 scrolls of teleportation
 n - 4 scrolls of remove curse
 q - 2 scrolls of enchant weapon
 r - 4 scrolls of magic mapping
 t - 2 scrolls of immolation
 w - 2 scrolls of fear
 y - 3 scrolls of blinking {unknown}
 B - 3 scrolls of fog {unknown}
 D - a scroll of random uselessness {unknown}
 I - a scroll of torment {unknown}
 P - a scroll of enchant armour {unknown}
Potions
 s - 2 potions of flight
 E - a potion of lignification
 H - a potion of brilliance
 W - a potion of invisibility
Miscellaneous
 K - a sack of spiders
Comestibles
 f - 36 rations


   Skills:
 + Level 13.7 Fighting
 * Level 18.5 Axes
 - Level 2.0 Throwing
 + Level 7.3 Armour
 - Level 3.4 Dodging


You had 11 spell levels left.
You didn't know any spells.
Your spell library was empty.

Dungeon Overview and Level Annotations

Branches:
Dungeon (13/15)            Temple (1/1) D:4            Lair (0/6) D:10
    Orc (0/2) D:11
 Vaults: D:13-14

Altars:
Ashenzari
Cheibriados
Dithmenos
Elyvilon
Fedhas
Gozag
Hepliaklqana
Kikubaaqudgha
Makhleb
Nemelex Xobeh
Okawaru
Qazlal
Ru
Sif Muna
Trog
Uskayaw
Vehumet
Wu Jian
Xom
Yredelemnul
Zin
The Shining One
Jiyva

Shops:
D:9 %   D:11 (


Innate Abilities, Weirdness & Mutations

((You reflexively headbutt those who attack you in melee.))
((You have a pair of horns on your head.))


Message History

* * * LOW HITPOINT WARNING * * *
Really quaff the potion of lignification?
You turn into a tree.
Your +0 cloak melds into your body.
Your +1 hat of intelligence melds into your body.
Your +0 pair of gloves melds into your body.
The +1 chain mail of the Ancient Ghosts {rElec Str+7} melds into your body.
You feel stupid.
Your roots penetrate the ground.
You feel better.
The hell knight hits you with a +3 glaive.
* * * LOW HITPOINT WARNING * * *
You feel better.
The hell knight casts a spell.
The hell knight blinks!
You barely miss the hell hound. The hell hound breathes flames at you.
The blast of flame hits you but does no damage.
The hell knight casts a spell at you. The bolt of fire hits you!!!
The fire burns you terribly!
You die...

..........# #.#.#
..........# #.#†#
####.#########.#.####
............##.#p#..#
###########.##)#.#..#
#.##)#.#..#
#.##)#.#..#
#.##.#.#..#
#.##†#♣#4!#
#.##.#)h..#
#.##.#.#.##
#.#..#†#...
#...(#....#..
#...##?..## ..#
##.###..## .# ###
#.## # ###


You could see a hell knight and a hell hound.

Vanquished Creatures
  Gastronok (D:9)
  Erolcha (D:9)
  5 two-headed ogres
  A hell knight (D:13)
  3 unseen horrors
  Pikel (D:4)
  A deep elf mage (D:13)
  An ugly thing (D:12)
  A manticore (D:13)
  A cyclops (D:12)
  Maurice (D:13)
  An efreet (D:12)
  5 trolls
  A queen bee (D:10)
  A hornet (shapeshifter) (D:12)
  Grinder (D:4)
  A hornet (D:12)
  2 hippogriffs
  3 yaks (D:10)
  3 hungry ghosts
  A steam dragon (D:11)
  A water moccasin (D:7)
  10 orc warriors
  4 hell hounds (D:13)
  2 ice beasts
  3 slaves
  A black bear (D:12)
  An eye of draining (D:12)
  2 phantoms
  6 ogres
  5 sky beasts
  A necrophage (D:11)
  3 centaurs
  Blork the orc (D:6)
  14 bullfrogs
  2 big kobolds
  A water moccasin zombie (D:9)
  2 scorpions
  Dowan (D:4)
  23 killer bees (D:10)
  14 wights
  9 howler monkeys
  4 crimson imps
  A quasit (D:10)
  A gnoll shaman (D:4)
  4 bullfrog zombies
  Crazy Yiuf (D:3)
  2 centaur zombies
  5 orc priests
  3 hounds
  7 jellies
  12 orc wizards
  Jessica (D:3)
  A bullfrog skeleton (D:11)
  3 iguanas
  Natasha (thrice) (D:2)
  Terence (D:2)
  2 centaur skeletons
  Ijyb (D:3)
  9 worker ants
  2 hound skeletons
  A howler monkey zombie (D:5)
  10 adders
  4 gnolls (D:4)
  A howler monkey skeleton (D:7)
  6 shadow imps
  7 oozes
  5 adder skeletons
  A worm (D:4)
  3 leopard geckos
  44 orcs
  6 giant cockroaches
  7 hobgoblins
  8 jackals
  7 quokkas
  A ball python (D:4)
  9 bats
  3 frilled lizards (D:4)
  9 goblins
  2 jackal skeletons (D:5)
  21 kobolds
  A leopard gecko skeleton (D:4)
  A leopard gecko zombie (D:5)
  5 rats
  2 plants (D:2)
369 creatures vanquished.

Vanquished Creatures (others)
  A slave (D:4)
  A ball python skeleton (D:4)
2 creatures vanquished.

Grand Total: 371 creatures vanquished

Notes
Turn   | Place    | Note
-------+----------+-------------------------------------------
     0 | D:1      | misha the Minotaur Gladiator began the quest for the Orb.
     0 | D:1      | Reached XP level 1. HP: 18/18 MP: 0/0
   330 | D:1      | Reached skill level 4 in Axes
   330 | D:1      | Reached XP level 2. HP: 23/25 MP: 1/1
   959 | D:2      | Reached XP level 3. HP: 31/31 MP: 2/2
  1017 | D:2      | Noticed Terence
  1026 | D:2      | Killed Terence
  1026 | D:2      | Reached skill level 5 in Axes
  1149 | D:2      | Reached XP level 4. HP: 38/38 MP: 3/3
  1415 | D:2      | Noticed Natasha
  1422 | D:2      | Killed Natasha
  1422 | D:2      | Reached skill level 6 in Axes
  1422 | D:2      | Reached XP level 5. HP: 29/46 MP: 4/4
  1890 | D:2      | Noticed Natasha
  1893 | D:2      | Killed Natasha
  2040 | D:2      | Noticed Natasha
  2047 | D:2      | Killed Natasha
  2111 | D:3      | Noticed Ijyb
  2113 | D:3      | Noticed a phantom
  2120 | D:3      | Killed Ijyb
  2154 | D:3      | Killed a phantom
  2154 | D:3      | Reached skill level 7 in Axes
  2154 | D:3      | Reached XP level 6. HP: 15/55 MP: 5/5
  2449 | D:3      | Reached skill level 5 in Fighting
  2506 | D:3      | Noticed Jessica
  2510 | D:3      | Killed Jessica
  2518 | D:3      | Found a deep blue altar of Sif Muna.
  2520 | D:3      | Found a shimmering altar of Xom.
  2599 | D:3      | Found a runed translucent door.
  2600 | D:3      | Noticed Crazy Yiuf
  2733 | D:3      | Killed Crazy Yiuf
  2869 | D:4      | Noticed a slave
  2869 | D:4      | Noticed a slave
  2870 | D:4      | Noticed a slave
  2871 | D:4      | Noticed Dowan
  2900 | D:3      | Killed a slave
  2902 | D:3      | Killed a slave
  3071 | D:4      | Killed Dowan
  3071 | D:4      | Reached skill level 8 in Axes
  3071 | D:4      | Reached XP level 7. HP: 40/61 MP: 6/6
  3077 | D:4      | Noticed Pikel
  3109 | D:4      | Killed Pikel
  3109 | D:4      | Reached skill level 9 in Axes
  3290 | D:4      | Reached XP level 8. HP: 42/71 MP: 7/7
  3398 | D:4      | Found a glowing golden altar of the Shining One.
  3400 | D:4      | Found a stormy altar of Qazlal.
  3402 | D:4      | Found a basalt altar of Yredelemnul.
  3402 | D:4      | Found a shadowy altar of Dithmenos.
  3402 | D:4      | Found a white marble altar of Elyvilon.
  3402 | D:4      | Found a radiant altar of Vehumet.
  3402 | D:4      | Found an opulent altar of Gozag.
  3403 | D:4      | Found a snail-covered altar of Cheibriados.
  3605 | D:4      | Noticed Grinder
  3605 | D:4      | Paralysed by Grinder for 7 turns
  3619 | D:4      | Killed Grinder
  3619 | D:4      | Reached skill level 10 in Axes
  4086 | D:4      | Found a staircase to the Ecumenical Temple.
  4135 | Temple   | Entered the Ecumenical Temple
  4323 | Temple   | Became a worshipper of Trog the Wrathful
  4551 | D:5      | Entered Level 5 of the Dungeon
  4738 | D:5      | Reached skill level 11 in Axes
  5101 | D:6      | Reached * piety under Trog
  5101 | D:6      | Reached XP level 9. HP: 61/82 MP: 8/8
  5260 | D:6      | Noticed Blork the orc
  5277 | D:6      | Killed Blork the orc
  5384 | D:6      | Reached skill level 12 in Axes
  6491 | D:7      | Reached skill level 13 in Axes
  7084 | D:8      | Reached ** piety under Trog
  7399 | D:8      | Reached skill level 10 in Fighting
  7586 | D:8      | Found a viscous altar of Jiyva.
  7616 | D:8      | Reached XP level 10. HP: 78/93 MP: 9/9
  7870 | D:8      | Noticed a two-headed ogre
  7878 | D:8      | Killed a two-headed ogre
  7878 | D:8      | Reached skill level 14 in Axes
  8337 | D:9      | Noticed Gastronok
  8357 | D:9      | Killed Gastronok
  8357 | D:9      | Reached skill level 15 in Axes
  8535 | D:9      | Reached *** piety under Trog
  8636 | D:9      | Noticed a two-headed ogre
  8644 | D:9      | Killed a two-headed ogre
  8910 | D:9      | Found Qasaa's Food Shoppe.
  8950 | D:9      | Got a steaming war axe
  8952 | D:9      | Identified the +3 war axe of Ekhedd {chop, +Rage Int+4}
                  | (You found it on level 9 of the Dungeon)
  8959 | D:9      | Noticed Erolcha
  8976 | D:9      | Killed Erolcha
  8976 | D:9      | Reached skill level 16 in Axes
  8976 | D:9      | Reached XP level 11. HP: 104/104 MP: 10/10
  9050 | D:10     | Entered Level 10 of the Dungeon
  9189 | D:10     | Found a white marble altar of Elyvilon.
  9454 | D:10     | Reached skill level 1 in Armour
  9549 | D:10     | Received a gift from Trog
  9550 | D:10     | Reached **** piety under Trog
  9853 | D:10     | Killed an unseen horror
 10395 | D:10     | Found a staircase to the Lair.
 10833 | D:11     | Received a gift from Trog
 10835 | D:11     | Found a staircase to the Orcish Mines.
 10835 | D:11     | Found Zuzurphe's Weapon Shoppe.
 10958 | D:11     | Found a frozen archway.
 11109 | D:11     | Reached skill level 17 in Axes
 11126 | D:11     | Killed an unseen horror
 11290 | D:11     | Found a shadowy altar of Dithmenos.
 11368 | D:12     | Noticed a purple ugly thing
 11384 | D:12     | Killed a purple ugly thing
 11531 | D:12     | Received a gift from Trog
 11899 | D:12     | Noticed a two-headed ogre
 11911 | D:12     | Killed a two-headed ogre
 11911 | D:12     | Reached skill level 5 in Armour
 12581 | D:12     | Reached XP level 12. HP: 115/115 MP: 11/11
 13225 | D:12     | Noticed a two-headed ogre
 13231 | D:12     | Killed a two-headed ogre
 13244 | D:12     | Found a portal to a secret trove of treasure.
 13267 | D:12     | Noticed a two-headed ogre
 13272 | D:12     | Killed a two-headed ogre
 13720 | D:12     | Received a gift from Trog
 14394 | D:12     | Reached skill level 18 in Axes
 14501 | Trove    | Entered a treasure trove
 14519 | Trove    | Identified the Almanac of Bodily Humours
 14528 | Trove    | Got a steaming golden ring
 14532 | Trove    | Got a sparkling turquoise ring
 14550 | Trove    | Got a heavily runed chain mail
 14562 | Trove    | Identified the +1 chain mail of the Ancient Ghosts {rElec
                  | Str+7} (You found it in a treasure trove)
 15109 | D:13     | Noticed Maurice
 15114 | D:13     | Killed Maurice
 15632 | D:13     | Killed from afar by a hell knight

Skill      XL: |  1  2  3  4  5  6  7  8  9 10 11 12 |
---------------+-------------------------------------+-----
Axes           | 4 5 6 7 8 9 11 13 16 17 18 | 18.5
Fighting       | 3 4 5 6 8 10 11 13 | 13.7
Armour         | 5 7 |  7.3
Throwing       | |  2.0
Dodging        | |  3.4

Action                   |  1- 3 |  4- 6 |  7- 9 | 10-12 || total
-------------------------+-------+-------+-------+-------++-------
Melee: War axe           |    45 |   156 |   224 |   112 ||   537
       Headbutt          |     5 |    34 |    57 |    87 ||   183
       Battleaxe         |       |       |    87 |   241 ||   328
       Executioner's axe |       |       |       |    95 ||    95
Invok: Berserk           |       |       |     1 |     5 ||     6
  Use: Scroll            |       |     3 |       |    12 ||    15
       Potion            |       |       |     5 |     6 ||    11
  Eat: Chunk             |       |     6 |    15 |    15 ||    36
       Ration            |       |       |       |     6 ||     6
Armor: Leather armour    |    11 |    11 |       |       ||    22
       Scale mail        |       |     3 |       |       ||     3
       Ring mail         |       |    22 |    64 |   104 ||   190
       Skin              |       |       |     3 |     1 ||     4
       Chain mail        |       |       |       |    60 ||    60
Dodge: Dodged            |    28 |    48 |    99 |   251 ||   426
Block: Shield            |    20 |    73 |    80 |    12 ||   185
